 Dungeon Crawl Stone Soup version 0.30-a0-272-gf98c3da03f (webtiles) character file.

Game seed: 14721969539469847135

1537 Flugkiller the Sneak (level 8, -10/56 HPs)
             Began as an Octopode Delver on Oct 15, 2022.
             Was an Initiate of Gozag.
             Killed by divine providence
             ... invoked by an orc priest
              (12 damage)
             ... on level 6 of the Dungeon.
             The game lasted 00:05:09 (5134 turns).

Flugkiller the Sneak (Octopode Delver)              Turns: 5134, Time: 00:05:10

Health: -10/56     AC:  1    Str: 12    XL:     8   Next: 86%
Magic:  8/8        EV: 16    Int: 18    God:    Gozag
Gold:   617        SH:  0    Dex: 15    Spells: 7/7 levels left

rFire   + . .      SeeInvis .    m - +8 long sword of Perfectionism {vorpal, rN+}
rCold   . . .      Faith    .    (no shield)
rNeg    + . .      Spirit   .    (helmet restricted)
rPois   .          Reflect  .    (no amulet)
rElec   .          Harm     .    l - +6 ring of intelligence
rCorr   .          Rampage  .    p - ring of protection from fire
Will    .....                    (no ring)
Stlth   ++++......               (no ring)
HPRegen 0.29/turn                (no ring)
MPRegen 0.11/turn                (no ring)
                                 (no ring)
                                 (no ring)

@: gold aura
A: almost no armour, amphibious, 8 rings, camouflage 1, gelatinous body 1,
(nimble swimmer 1), tentacles
a: Renounce Religion, Potion Petition, Call Merchant, Bribe Branch


You were on level 6 of the Dungeon.
You worshipped Gozag.
Gozag was pleased with you.
You visited 1 branch of the dungeon, and saw 6 of its levels.
You also visited: Sewer.

You collected 701 gold pieces.
You paid 84 gold pieces to Gozag.

Inventory:

Hand Weapons
 d - a +2 vorpal falchion
   (You took it off an orc on level 4 of the Dungeon)
 e - a +2 vampiric whip
   (You found it in a sewer)
 i - a +3 short sword
   (You took it off a kobold on level 1 of the Dungeon)
 m - the +8 long sword of Perfectionism (weapon) {vorpal, rN+}
   (You found it on level 4 of the Dungeon)

   It inflicts extra damage upon your enemies.
   rN:        It protects you from negative energy.
Jewellery
 l - a +6 ring of intelligence (left tentacle)
   (You found it on level 2 of the Dungeon)
 p - a ring of protection from fire (right tentacle)
   (You found it on level 4 of the Dungeon)
Wands
 f - a wand of digging (2)
 g - a wand of roots (7)
   (You took it off Sigmund on level 2 of the Dungeon)
Scrolls
 b - a scroll of fog
 j - a scroll of poison
 k - a scroll of amnesia
 o - 2 scrolls of magic mapping
 q - a scroll of vulnerability
 t - 3 scrolls of teleportation
 z - 2 scrolls of blinking
Potions
 a - a potion of flight {unknown}
 c - a potion of lignification {unknown}
 h - a potion of haste
 n - a potion of magic {unknown}
 w - 2 potions of heal wounds


   Skills:
 + Level 5.5 Fighting
 - Level 2.0(3.9) Short Blades
 + Level 5.3(5.5) Long Blades
 + Level 6.3 Dodging
 - Level 6.6 Stealth
 * Level 5.4 Evocations


You had 7 spell levels left.
You didn't know any spells.
Your spell library contained the following spells:

 Spells                   Type           Power      Damage    Failure   Level
 Sandblast                Erth           0%         2d4       22%         1
 Passwall                 Tmut/Erth      0%         N/A       32%         2
 Stone Arrow              Conj/Erth      0%         3d7       54%         3


Dungeon Overview and Level Annotations

Branches:
Dungeon (6/15) Zot: 26747  Temple (0/1) D:5           Sewer (visited)

Altars:
Gozag
Hepliaklqana
Kikubaaqudgha
Nemelex Xobeh
Sif Muna
Uskayaw

Annotations:
D:6 Pikel


Innate Abilities, Weirdness & Mutations

You cannot wear most types of armour.
You are amphibious.
You can wear up to eight rings at the same time.
Your skin changes colour to match your surroundings (Stealth+).
Your rubbery body absorbs attacks. (AC +1, EV +1)
((You are camouflaged when in or above water. (Stealth+)))
You have tentacles for arms and can constrict up to eight enemies at once.


Message History

You squeeze Edmund, but do no damage.
Edmund is heavily wounded.
Edmund closely misses you.
You slash Edmund!
You kill Edmund!
Your life force feels restored.
Your Evocations skill increases to level 5!
You now have 583 gold pieces (gained 5).
Things that are here:
a +6 dire flail of draining; a +0 scale mail
There is a stone staircase leading down here.
You start resting.
HP restored.
There is a stone staircase leading down, spattered with blood here.
You climb downwards.
Level annotation: Pikel
Found 2 stones, 20 gold pieces, a robe and a lajatang.
There is a stone staircase leading up here.
A howler monkey comes into view.
A howler monkey is nearby!
An iguana comes into view.
The iguana hisses angrily.
You see here a +0 lajatang.
You barely miss the iguana.
The howler monkey howls!
Your grab misses the iguana. The iguana misses you.
The iguana closely misses you.
You hit the howler monkey. You grab the howler monkey.
You squeeze the howler monkey!
The howler monkey is severely wounded.
You constrict the howler monkey.
The howler monkey completely misses you.
The iguana barely misses you.
You hit the howler monkey.
You kill the howler monkey!
The iguana bites you!
You hit the iguana. You grab the iguana.
The iguana is moderately wounded.
You constrict the iguana. The iguana barely misses you.
You hit the iguana.
The iguana is severely wounded.
You constrict the iguana, but do no damage.
The iguana barely misses you.
You slash the iguana!
You kill the iguana!
You now have 602 gold pieces (gained 19).
You start resting.
HP restored.
You now have 608 gold pieces (gained 6).
You now have 617 gold pieces (gained 9).
You open the door.
There is an open door here.
Found a glaive.
An orc warrior comes into view. It is wielding a +0 long sword.
An orc warrior is nearby!
An orc warrior is nearby!
The orc warrior shouts!
You hear a shout!
An orc comes into view. It is wielding a +0 flail.
An orc priest comes into view. It is wielding a +0 trident.
The orc shouts!
You hear a shout! x2
The orc warrior hits you with a +0 long sword!
The orc warrior attacks as you move away!
The orc warrior completely misses you.
The orc priest mumbles some strange prayers to Beogh against you.
Beogh smites you!
The orc warrior attacks as you move away!
The orc warrior barely misses you.
You slash the orc warrior! You grab the orc warrior.
The orc warrior is heavily wounded.
You constrict the orc warrior, but do no damage.
The orc warrior misses you.
You slash the orc warrior!
You kill the orc warrior!
You hit the orc but do no damage. You grab the orc.
You constrict the orc, but do no damage.
The orc completely misses you.
You slash the orc!
You kill the orc!
The ice beast completely misses you.
You completely miss the ice beast. The ice beast closely misses you.
The orc priest barely misses you.
You hit the ice beast. You squeeze the ice beast.
The ice beast is moderately wounded.
The ice beast hits you. The ice beast freezes you!
The orc priest completely misses you.
You closely miss the ice beast.
The ice beast is moderately wounded.
The ice beast hits you. The ice beast freezes you.
* * * LOW HITPOINT WARNING * * *
The orc priest misses you.
You closely miss the ice beast.
The ice beast is moderately wounded.
The ice beast hits you.
* * * LOW HITPOINT WARNING * * *
The ice beast freezes you!
* * * LOW HITPOINT WARNING * * *
The orc priest mumbles some strange prayers to Beogh against you.
Beogh smites you!
You die...
Your body crumbles into a pile of gold.

#..............# #.#
#..............# #.#
..........###### #.#
#....###### #.# ###########
#.# ..........# #.#
..........# #.#
..........###############.#
.........oY@..............#
..........#################
#####+#####


You could see an ice beast and an orc priest.

Vanquished Creatures
  Sigmund (D:2)
  Edmund (D:5)
  2 water moccasins
  An orc warrior (D:6)
  2 ogres (D:5)
  A phantom (D:5)
  A scorpion (D:4)
  2 howler monkeys
  4 jellies (D:5)
  A gnoll bouda (D:5)
  2 hounds
  2 iguanas
  Terence (D:3)
  An orc wizard (D:5)
  15 gnolls
  3 adders
  A shadow imp (D:5)
  3 worms (D:2)
  A dart slug (D:4)
  8 orcs
  4 endoplasms
  5 giant cockroaches
  4 goblins
  10 hobgoblins
  2 jackals (Sewer)
  8 quokkas
  6 ball pythons
  5 bats
  2 frilled lizards
  5 kobolds
  7 rats
111 creatures vanquished.

Vanquished Creatures (others)
  3 withered plants (D:3)
3 creatures vanquished.

Grand Total: 114 creatures vanquished

Notes
Turn   | Place    | Note
-------+----------+-------------------------------------------
     0 | D:5      | Flugkiller the Octopode Delver began the quest for the Orb.
     0 | D:5      | Reached XP level 1. HP: 16/16 MP: 1/1
    22 | D:5      | Noticed a phantom
    24 | D:5      | Noticed a jelly
    36 | D:5      | Found a glowing drain.
    43 | Sewer    | Entered a sewer
    56 | Sewer    | Reached XP level 2. HP: 21/21 MP: 2/2
    93 | Sewer    | Noticed a water moccasin
   104 | Sewer    | Killed a water moccasin
   105 | Sewer    | Reached XP level 3. HP: 21/26 MP: 3/3
   105 | Sewer    | Reached XP level 4. HP: 25/31 MP: 4/4
   311 | D:5      | Reached skill level 5 in Dodging
   329 | D:5      | Reached XP level 5. HP: 12/36 MP: 5/5
   354 | D:5      | Found a staircase to the Ecumenical Temple.
  1285 | D:2      | Reached skill level 1 in Long Blades
  1353 | D:2      | Noticed Sigmund
  1441 | D:3      | Found an opulent altar of Gozag.
  1450 | D:3      | Became a worshipper of Gozag Ym Sagoz the Greedy
  1486 | D:3      | Found an ancient bone altar of Kikubaaqudgha.
  1516 | D:3      | Reached XP level 6. HP: 22/43 MP: 6/6
  1729 | D:3      | Found a hide-covered altar of Uskayaw.
  1799 | D:3      | Found a hazy altar of Hepliaklqana.
  2010 | D:3      | Found a shimmering blue altar of Sif Muna.
  2354 | D:3      | Noticed Terence
  2366 | D:3      | Killed Terence
  2722 | D:2      | Killed Sigmund
  2723 | D:2      | Reached XP level 7. HP: 22/48 MP: 7/7
  3014 | D:4      | Identified the +8 long sword of Perfectionism {vorpal, rN+}
  3121 | D:4      | Reached skill level 1 in Evocations
  3482 | D:4      | Found a sparkling altar of Nemelex Xobeh.
  4145 | D:5      | Reached XP level 8. HP: 41/54 MP: 8/8
  4234 | D:5      | Reached skill level 5 in Fighting
  4762 | D:5      | Reached skill level 5 in Long Blades
  4885 | D:6      | Noticed Edmund
  4886 | D:6      | Noticed Pikel
  4893 | D:5      | Killed Edmund
  4894 | D:5      | Reached skill level 5 in Evocations
  5134 | D:6      | HP: 2/56 [ice beast (12)]
  5134 | D:6      | Killed from afar by an orc priest

Illustrated notes

Levels and vault maps discovered:
D:1:      dpeg_arrival_rooms_b, layout_basic, minmay_stone_trees_medium,
          fountainhead, corexii_corridor_pit, minmay_quantized
D:2:      minmay_angry_zag, layout_rooms, uniq_sigmund
D:3:      layout_basic, mainiacjoe_overflow_alcove_1,
          nicolae_gozag_cash_rules_everything_around_me,
          kiku_gazebo_garden_becter, nicolae_uskayaw_dance_hall, led_sif_pool,
          uniq_terence
D:4:      layout_cave_pools, nemelex_spade_bored_becter, serial_column_ruins,
          column_ruins_hut, column_ruins_grid_1, column_ruins_grid_1,
          column_ruins_open_medium, column_ruins_corridor_straight,
          column_ruins_columns_straight, minmay_quadrilaterals
D:5:      layout_cave_pods, minmay_temple_entry_glassed_door,
          gup_sewer_entry_pipe
D:6:      layout_basic, ebering_ghost_reflecting_pool, serial_shops,
          nicolae_shop_stone, uniq_duvessa, uniq_pikel, uniq_edmund

Skill      XL: |  1  2  3  4  5  6  7  8 |
---------------+-------------------------+-----
Dodging        | 4 5 6 |  6.3
Fighting       | 4 5 |  5.5
Long Blades    | 1 3 4 5 |  5.3
Evocations     | 3 5 |  5.4
Short Blades   | |  2.0
Stealth        | |  6.6

Action                   |  1- 3 |  4- 6 |  7- 9 || total
-------------------------+-------+-------+-------++-------
Melee: Short sword       |     9 |   103 |     1 ||   113
       Tentacles         |     1 |    19 |    11 ||    31
       Constrict         |     1 |    21 |    18 ||    40
       Long sword        |       |       |    89 ||    89
Evoke: Wand              |       |     1 |     1 ||     2
  Use: Potion            |     1 |     2 |       ||     3
       Scroll            |       |     6 |     1 ||     7
 Stab: Sleeping          |     6 |    18 |    12 ||    36
       Distracted        |       |     1 |     1 ||     2
Armor: Skin              |       |     5 |     1 ||     6
Dodge: Dodged            |     3 |    48 |    67 ||   118

Table legend: (Time is in decaauts)
 A = Elapsed time spent in this place.
 B = Non-inter-level travel time spent in this place.
 C = Inter-level travel time spent in this place.
 D = Time resting spent in this place.
 E = Time spent auto-exploring this place.
 F = Levels seen in this place.
 G = Mean time per level.
                   A        B        C        D        E       F      G
               +--------+--------+--------+--------+--------+-----+--------+
         Total |   5118 |   4869 |    249 |   1044 |   2788 |   7 |  731.1 |
       Dungeon |   4877 |   4628 |    249 |    909 |   2738 |   6 |  812.8 |
         Sewer |    241 |    241 |      0 |    135 |     50 |   1 |  241.0 |
               +--------+--------+--------+--------+--------+-----+--------+

Top non-repeatable levels by time:
     D:3: 1380 daAuts
     D:5: 1138 daAuts
     D:4: 1006 daAuts
     D:2: 629 daAuts
     D:1: 596 daAuts
   Sewer: 241 daAuts
     D:6: 127 daAuts
